 Dungeon Crawl Stone Soup version 0.26-a0-8-gc4d20be (webtiles) character file.

Game seed: 11646813742600640878, levelgen mode: deterministic

102 thirtiethelement the Skirmisher (level 4, -2/37 HPs)
             Began as a Demonspawn Abyssal Knight on May 24, 2020.
             Was a Believer of Lugonu.
             Killed from afar by an orc wizard (5 damage)
             ... with a magic dart
             ... on level 3 of the Dungeon.
             The game lasted 00:13:14 (2556 turns).

thirtiethelement the Skirmisher (DsAK)              Turns: 2556, Time: 00:13:16

Health: -2/37      AC: 15    Str: 13    XL:     4   Next: 50%
Magic:  5/5        EV:  0    Int: 13    God:    Lugonu [**....]
Gold:   103        SH: 18    Dex: 13    Spells: 3/3 levels left

rFire    . . .     SeeInvis .   a - +1 falchion
rCold    + . .     Gourm    .   h - +2 tower shield
rNeg     . . .     Faith    .   e - +3 plate armour {rC+}
rPois    .         Spirit   .   (no helmet)
rElec    .         Reflect  +   (no cloak)
rCorr    .         Harm     .   (no gloves)
MR       .....                  (no boots)
Stlth    ..........             m - amulet of reflection
HPRegen  0.12/turn              i - ring of attention (curse)
MPRegen  0.09/turn              (no ring)

@: slowed, very slow
A: thin metallic scales 1, powered by pain 1
a: Depart the Abyss, Bend Space, Renounce Religion


You were on level 3 of the Dungeon.
You worshipped Lugonu.
Lugonu was pleased with you.
You were not hungry.

You visited 1 branch of the dungeon, and saw 3 of its levels.
You visited the Abyss 1 time.

You collected 103 gold pieces.

Inventory:

Hand Weapons
 a - a +1 falchion (weapon)
Missiles
 g - 2 throwing nets (quivered)
Armour
 b - a +0 leather armour
 e - a +3 plate armour of cold resistance (worn)
 h - a +2 tower shield (worn)
Jewellery
 i - a cursed ring of attention (left hand)
 m - an amulet of reflection (around neck)
Wands
 f - a wand of polymorph (7)
Scrolls
 j - 2 scrolls of remove curse
 o - 2 scrolls of amnesia
Potions
 d - a potion of curing
 k - 2 potions of flight
 l - a potion of resistance {unknown}
 n - 2 potions of brilliance {unknown}
Comestibles
 c - 2 rations


   Skills:
 + Level 3.7 Fighting
 + Level 2.7 Long Blades
 + Level 2.1 Armour
 + Level 1.0 Dodging
 + Level 0.1 Stealth
 + Level 2.0 Shields
 + Level 2.4 Invocations


You had 3 spell levels left.
You didn't know any spells.
Your spell library was empty.

Dungeon Overview and Level Annotations

Branches:
Dungeon (3/15)

Altars:
Fedhas
Kikubaaqudgha
Wu Jian

Annotations:
D:3 exclusion: oklob plant


Innate Abilities, Weirdness & Mutations

You are partially covered in thin metallic scales. (AC +2)
You sometimes gain a little power by taking damage.


Message History

The goblin hits you with a +0 club. You block the orc's attack.
The orc hits you but does no damage.
You hit the worm.
The worm is severely wounded.
The orc wizard points at you and mumbles some strange words.
You feel as though you will be slow longer.
You block the goblin's attack. The orc hits you but does no damage.
You block the orc's attack. The worm bites you but does no damage.
The goblin hits you but does no damage. The orc hits you but does no damage.
The worm bites you.
* * * LOW HITPOINT WARNING * * *
You block the orc's attack.
You hit the worm but do no damage.
The worm is heavily wounded.
The orc wizard casts a spell at you. The magic dart hits you.
* * * LOW HITPOINT WARNING * * *
The orc wizard points at you and mumbles some strange words.
The magic dart hits you.
You die...

# #......# ...%...#.#
#.## ##. ####.##.....
.....#.(.# ... ...
......# ..#.
.....##.###.### #..
......# .# #...##.#.#...
... ......# #
##...##.#...### #.#
......# #
#........<..#.# #.#
......#
.#.#.#?.[†.....#.#.###.#
......#
.......wg...............
......#
....o..@o......#+#.#####
......#
[.......o...............
..#####
...#..............######
..# #..##
#.#............# ..# #..
#...........#'## ..# #..
.....###.##.#.#
..#####.# ##.#..#
#.##.#.# .....##.#
#.#..# . #.# ####.##.#
#†.########.#


You could see a worm, an orc wizard (fast), 2 orcs and a goblin.

Vanquished Creatures
  Jessica (D:2)
  An adder (D:3)
  A worm (D:3)
  2 dart slugs (D:1)
  2 leopard geckos
  2 orcs (D:3)
  4 bats
  2 bat zombies (D:3)
  2 giant cockroaches
  9 goblins
  10 hobgoblins
  A ball python (D:3)
  5 frilled lizards
  4 kobolds
  7 rats
  3 rat zombies (D:3)
56 creatures vanquished.

Notes
Turn   | Place    | Note
-------+----------+-------------------------------------------
     0 | Abyss:1  | thirtiethelement the Demonspawn Abyssal Knight began the
                  | quest for the Orb.
     0 | Abyss:1  | Reached XP level 1. HP: 18/18 MP: 2/2
    51 | Abyss:1  | Noticed a large abomination
    61 | Abyss:1  | Noticed a tentacled starspawn
    63 | Abyss:2  | Found a corrupted altar of Lugonu.
   109 | Abyss:3  | Noticed a reaper
   110 | D:1      | Escaped the Abyss
   263 | D:1      | Reached * piety under Lugonu
   441 | D:1      | Gained mutation: You sometimes gain a little power by
                  | taking damage. [demonic ancestry]
   441 | D:1      | Reached XP level 2. HP: 23/24 MP: 3/3
   768 | D:1      | Reached skill level 1 in Dodging
   808 | D:1      | Gained mutation: You are partially covered in thin metallic
                  | scales. (AC +2) [demonic ancestry]
   808 | D:1      | Reached XP level 3. HP: 22/29 MP: 4/4
   913 | D:1      | Reached skill level 1 in Shields
  1239 | D:2      | Found a faded altar of an unknown god.
  1409 | D:2      | Noticed Jessica
  1423 | D:2      | Killed Jessica
  1540 | D:2      | Reached XP level 4. HP: 23/37 MP: 5/5
  2069 | D:3      | Found a blossoming altar of Fedhas.
  2080 | D:3      | Noticed an oklob plant
  2171 | D:3      | Reached ** piety under Lugonu
  2189 | D:3      | Found an ancient bone altar of Kikubaaqudgha.
  2404 | D:3      | Found an ornate altar of the Wu Jian Council.
  2556 | D:3      | Killed from afar by an orc wizard

Illustrated notes

Levels and vault maps discovered:
D:1:      evilmike_arrival_plus, layout_rooms, minmay_misc_feat_cross,
          minivault_27, minmay_tetromino_l2
D:2:      layout_basic, chequers_ecumenical_altar_twisty, minmay_misc_feat_five,
          uniq_jessica
D:3:      layout_basic, old_standard_altar, lemuel_zombie_altar_kikubaaqudgha,
          kennysheep_slug_shrine, tgw_fedhas

Skill      XL: |  1  2  3  4 |
---------------+-------------+-----
Dodging        | 1 |  1.0
Long Blades    | 2 |  2.7
Shields        | 1 2 |  2.0
Armour         | 2 |  2.1
Fighting       | |  3.7
Stealth        | |  0.1
Invocations    | |  2.4

Action                   |  1- 3 |  4- 6 || total
-------------------------+-------+-------++-------
Melee: Falchion          |   126 |   131 ||   257
Invok: Depart the Abyss  |     1 |       ||     1
       Bend Space        |       |     1 ||     1
  Use: Scroll            |     5 |     3 ||     8
       Potion            |       |     1 ||     1
  Eat: Chunk             |     2 |       ||     2
       Ration            |       |     1 ||     1
Armor: Plate armour      |    91 |    96 ||   187
Dodge: Dodged            |     4 |     2 ||     6
Block: Tower shield      |   113 |   181 ||   294
       Reflection        |       |     1 ||     1
       Rpst.: Falchion   |     2 |     1 ||     3

Table legend:
 A = Non-vault XP
 B = Vault XP
 C = Vault XP percentage of total XP
 D = Non-vault monster count
 E = Vault monster count
 F = Vault count percentage of total count
                 A         B        C        D         E       F
            +---------+---------+-------+---------+---------+-------
      Total |     102 |      45 |  30.6 |      49 |       7 |  12.5
            +---------+---------+-------+---------+---------+-------
        D:1 |      45 |       1 |   2.2 |      24 |       1 |   4.0
        D:2 |      20 |      37 |  64.9 |      13 |       1 |   7.1
        D:3 |      37 |       7 |  15.9 |      12 |       5 |  29.4
            +---------+---------+-------+---------+---------+-------
